 Dungeon Crawl Stone Soup version 0.27.1-3-gb3d3a73c9e (webtiles) character file.

Game seed: 17934394945227719607

45 waplegopp the Chopper (level 3, -3/23 HPs)
             Began as a Tengu Berserker on Oct 31, 2021.
             Was a Believer of Trog.
             Killed by divine providence
             ... invoked by an orc priest
              (10 damage)
             ... on level 2 of the Dungeon.
             The game lasted 00:03:00 (1640 turns).

waplegopp the Chopper (Tengu Berserker)             Turns: 1640, Time: 00:03:01

Health: -3/23      AC: 11    Str: 18    XL:     3   Next: 64%
Magic:  4/4        EV:  8    Int:  7    God:    Trog [**....]
Gold:   32         SH:  0    Dex: 13    Spells: 2/2 levels left

rFire    . . .     SeeInvis .   a - +0 hand axe
rCold    + . .     Faith    .   (no shield)
rNeg     + . .     Spirit   .   j - +0 chain mail
rPois    .         Reflect  .   (helmet restricted)
rElec    .         Harm     .   k - +1 cloak
rCorr    .         Rampage  .   (no gloves)
Will     .....                  (boots unavailable)
Stlth    ..........             (no amulet)
HPRegen  0.07/turn              d - ring of positive energy
MPRegen  0.09/turn              e - ring of protection from cold

@: no status effects
A: beak, talons 3
a: Renounce Religion, Berserk, Trog's Hand


You were on level 2 of the Dungeon.
You worshipped Trog.
Trog was pleased with you.
You visited 1 branch of the dungeon, and saw 2 of its levels.

You collected 114 gold pieces.
You spent 82 gold pieces at shops.

Inventory:

Hand Weapons
 a - a +0 hand axe (weapon)
Armour
 j - a +0 chain mail (worn)
 k - a +1 cloak (worn)
Jewellery
 d - a ring of positive energy (left hand)
 e - a ring of protection from cold (right hand)
Scrolls
 f - a scroll of teleportation {unknown}
 g - a scroll of blinking
 i - a scroll of magic mapping {unknown}
Potions
 b - 2 potions of cancellation {unknown}
 c - 2 potions of curing {unknown}
 h - a potion of haste {unknown}


   Skills:
 + Level 3.5 Fighting
 + Level 4.1 Axes
 + Level 2.6 Armour
 + Level 2.4 Dodging


You had 2 spell levels left.
You didn't know any spells.
Your spell library was empty.

Dungeon Overview and Level Annotations

Branches:
Dungeon (2/15)

Altars:

Shops:
D:1 [   D:2 ?


Innate Abilities, Weirdness & Mutations

You have a beak for a mouth.
You have claws for feet.


Message History

No target in view!
Unknown command.
No target in view!
Found 27 stones.
Found 12 gold pieces.
No target in view! 2 orc priests come into view.
The orc priest shouts! x2; You hear a shout!
The orc priest calls down the wrath of Beogh upon you.
Beogh smites you!
There are monsters nearby!
The orc priest looks satisfied for a moment.
An orc comes into view. It is wielding a +0 short sword.
There are monsters nearby!
You slash the orc priest! Your peck misses the orc priest.
The orc priest is heavily wounded.
There are monsters nearby!
You hit the orc priest.
The orc priest is heavily wounded.
An orc comes into view. It is wielding a +0 club.
The orc priest hits you with a +0 mace.
The orc priest calls upon Beogh to heal the orc priest.
The orc priest is healed somewhat.
There are monsters nearby!
You are too injured to fight recklessly!
There are monsters nearby!
You are too injured to fight recklessly!
There are monsters nearby!
You are too injured to fight recklessly!
Unknown command.
You fail to use your ability.
The orc priest hits you but does no damage.
The orc priest barely misses you.
You slash the orc priest! Your kick misses the orc priest.
The orc priest is severely wounded.
Your chain mail prevents you from hitting the orc priest.
The orc priest closely misses you.
The orc priest invokes the aid of Beogh against you.
Beogh smites you!
You die...

#...............
#.##############
#...........
#........... ###
#...........##..
#...............
#............#<#
######............###
#ooo@.>......)......)
#.##o##..(........#..
#.# #.########.#.#
#.# .########.#.. #..
..........#.. ###
#.######..#..
.######..#.#
#...##..#.#
#.#........


You could see 2 orc priests and 2 orcs.

Vanquished Creatures
  A dart slug (D:1)
  6 ball pythons
  2 endoplasms (D:1)
  6 goblins
  4 hobgoblins
  4 jackals (D:2)
  5 bats
  2 frilled lizards (D:1)
  5 kobolds (D:1)
  5 rats
40 creatures vanquished.

Notes
Turn   | Place    | Note
-------+----------+-------------------------------------------
     0 | D:1      | waplegopp the Tengu Berserker began the quest for the Orb.
     0 | D:1      | Reached XP level 1. HP: 14/14 MP: 2/2
   136 | D:1      | Reached XP level 2. HP: 14/19 MP: 3/3
   809 | D:1      | Reached XP level 3. HP: 22/23 MP: 4/4
   906 | D:1      | Found Lat Dum's Antique Armour Boutique.
  1047 | D:1      | Reached ** piety under Trog
  1188 | D:2      | Reached skill level 4 in Axes
  1319 | D:2      | Found Yquozy's Magic Scroll Shoppe.
  1332 | D:2      | Bought a scroll of blinking for 82 gold pieces
  1640 | D:2      | Killed from afar by an orc priest

Illustrated notes

Levels and vault maps discovered:
D:1:      psy_arrival_dodecagon, layout_basic, serial_shops, shop_coins,
          chequers_serial_rivers_marsh, lemuel_another_geyser
D:2:      layout_basic, serial_shops, nicolae_shop_waterfront

Skill      XL: |  1  2  3 |
---------------+----------+-----
Axes           | 4 |  4.1
Fighting       | |  3.5
Armour         | |  2.6
Dodging        | |  2.4

Action                   || total
-------------------------++-------
Melee: Hand axe          ||    73
       Kick              ||    21
       Peck              ||     6
Armor: Animal skin       ||     5
       Leather armour    ||     8
       Chain mail        ||     6
Dodge: Dodged            ||    52
